 Dungeon Sprint DCSS version 0.21.1-1-g345015f (webtiles) character file.

9300000 Fang the Axe Maniac (level 27, -6/273 HPs)
             Began as a Minotaur Gladiator on May 8, 2018.
             Was the Champion of Makhleb.
             Mangled by a sculptor of flesh
             ... wielding a +9 great sword
              (51 damage)
             ... in the Dungeon (Sprint VIII: "Arena of Blood").
             The game lasted 00:01:20 (93 turns).

Fang the Axe Maniac (Minotaur Gladiator)              Turns: 93, Time: 00:01:21

Health: -6/273     AC:  6    Str: 29    XL:     27
Magic:  32/53      EV: 31    Int:  5    God:    Makhleb [******]
Gold:   0          SH:  0    Dex: 15    Spells: 80/80 levels left

rFire    . . .     SeeInvis .   l - +∞ Axe of Woe
rCold    . . .     Gourm    .   (shield currently unavailable)
rNeg     . . .     Faith    .   b - +0 leather armour
rPois    .         Spirit   .   c - +0 hat
rElec    .         Reflect  .   (no cloak)
rCorr    .         Harm     .   (no gloves)
MR       ++...     NoTele   +   (no boots)
Stlth    +++++++++.             (no amulet)
HPRegen  0.55/turn              (no ring)
MPRegen  0.33/turn              (no ring)

@: drained
A: retaliatory headbutt, horns 2
a: Minor Destruction, Lesser Servant of Makhleb, Major Destruction, Greater
Servant of Makhleb, Renounce Religion


You were in the Dungeon.
You worshipped Makhleb.
Makhleb was exalted by your worship.
You were not hungry.

You visited 1 branch

Inventory:

Hand Weapons
 a - a +0 war axe
 l - the +∞ Axe of Woe (weapon)
   (You found it in the Dungeon)
Missiles
 d - 3 throwing nets (quivered)
Armour
 b - a +0 leather armour (worn)
 c - a +0 hat (worn)
Scrolls
 k - a scroll of blinking
Potions
 e - a potion of curing
 g - a potion of heal wounds
 h - a potion of haste
 i - 2 potions of magic
 j - a potion of berserk rage
Comestibles
 f - a ration


   Skills:
 O Level 27(25.6) Fighting
 O Level 27(25.6) Axes
 O Level 27(25.6) Throwing
 O Level 27(25.6) Armour
 O Level 27(25.6) Dodging
 O Level 27(25.6) Stealth
 O Level 27(25.6) Unarmed Combat
 O Level 27(25.6) Spellcasting
 O Level 27(25.6) Invocations


You had 80 spell levels left.
You didn't know any spells.

Dungeon Overview and Level Annotations

Branches:
Dungeon (1/1)

Altars:
Makhleb


Innate Abilities, Weirdness & Mutations

You reflexively headbutt those who attack you in melee.
You have a pair of horns on your head.


Message History

You dissect the small abomination like a pig carcass.
You destroy the small abomination!
Makhleb accepts your kill.
You hear a shout! x3
The soul eater draws from the surrounding life force!
A bolt of negative energy appears from out of thin air!
The bolt of negative energy hits you!
You feel drained.
You hear a shout!
The destroyer moves out of view.
A destroyer comes into view.
It is wielding a +9 great sword of slicing.
You hear a shout! x5
The destroyer blinks!
You hear a shout! x3
The dread calls on the powers of darkness!
The bag of meat convulses!
Your body is wracked with pain!
* * * LOW HITPOINT WARNING * * *
You hear a shout!
The sculptor of flesh is engulfed in blazing flames.
The sculptor of flesh hits you with a +9 great sword!!!
You die...

.. .........%.. ...
#))§§o..# .#..
#.)§§...#
...D.###)W)X.%.###.
......%o))###......
..#.%.)o§§x_......
#.....))#§{x..#...
.......%#§)z._#
#.......#x@Vx.#
..#.%......3...o..
..........###.%....
....§###... ..###.
..... #... ..#
#..§. .# ..... ..
.......


You could see a destroyer, a sculptor of flesh, a soul eater, a dread, 2 small
abominations, 2 bags of meat and 2 crawling corpses.

Vanquished Creatures
  Sigmund (D)
  6 hell beasts (D)
  2 greater mummies (D)
  A wraith (D)
  15 vampire knights (D)
  20 ogres (D)
  7 two-headed ogres (D)
  5 liches (D)
  50 orcs (D)
  A phantom (D)
  3 skeletal warriors (D)
  2 large abominations (D)
  7 small abominations (D)
  8 crawling corpses (D)
128 creatures vanquished.

Vanquished Creatures (others)
  4 crawling corpses (D)
4 creatures vanquished.

Grand Total: 132 creatures vanquished

Notes
Turn   | Place    | Note
-------+----------+-------------------------------------------
     0 | D        | Found the +∞ Axe of Woe
     0 | D        | Fang the Minotaur Gladiator began the quest for the Orb.
     0 | D        | Reached XP level 1. HP: 18/18 MP: 0/0
     4 | D        | Became a worshipper of Makhleb the Destroyer
     6 | D        | Noticed a bag of meat
     6 | D        | Noticed a bag of meat
     7 | D        | Noticed a bag of meat
     7 | D        | Noticed a bag of meat
    12 | D        | Killed a bag of meat
    12 | D        | Reached skill level 10 in Throwing
    12 | D        | Reached XP level 2. HP: 42/42 MP: 1/1
    12 | D        | Reached XP level 3. HP: 49/49 MP: 2/2
    12 | D        | Reached XP level 4. HP: 57/57 MP: 3/3
    12 | D        | Reached XP level 5. HP: 63/63 MP: 4/4
    12 | D        | Reached XP level 6. HP: 71/71 MP: 5/5
    12 | D        | Reached XP level 7. HP: 78/78 MP: 6/6
    12 | D        | Reached XP level 8. HP: 85/85 MP: 7/7
    12 | D        | Reached XP level 9. HP: 91/91 MP: 8/8
    12 | D        | Reached XP level 10. HP: 99/99 MP: 9/9
    12 | D        | Reached XP level 11. HP: 105/105 MP: 10/10
    13 | D        | Noticed a meat berserker
    13 | D        | Killed a bag of meat
    13 | D        | Reached * piety under Makhleb
    13 | D        | Reached skill level 1 in Armour
    13 | D        | Reached XP level 12. HP: 89/118 MP: 11/11
    13 | D        | Killed a bag of meat
    13 | D        | Reached skill level 15 in Fighting
    13 | D        | Reached XP level 13. HP: 96/128 MP: 12/12
    14 | D        | Noticed a bag of meat
    15 | D        | Noticed a bag of meat
    16 | D        | Noticed a meat berserker
    16 | D        | Killed a meat berserker
    16 | D        | Reached skill level 27 in Axes
    16 | D        | Reached XP level 14. HP: 109/143 MP: 13/13
    17 | D        | Noticed a bag of meat
    18 | D        | Noticed a bag of meat
    18 | D        | Noticed a bag of meat
    18 | D        | Killed a bag of meat
    18 | D        | Reached ** piety under Makhleb
    18 | D        | Reached skill level 15 in Throwing
    18 | D        | Reached skill level 5 in Armour
    18 | D        | Reached skill level 27 in Dodging
    18 | D        | Reached XP level 15. HP: 118/155 MP: 14/14
    20 | D        | Killed a meat berserker
    21 | D        | Reached skill level 10 in Armour
    21 | D        | Reached XP level 16. HP: 182/182 MP: 15/15
    22 | D        | Noticed a meat berserker
    22 | D        | Reached *** piety under Makhleb
    22 | D        | Reached skill level 27 in Fighting
    24 | D        | Reached skill level 27 in Throwing
    24 | D        | Reached XP level 17. HP: 191/191 MP: 16/16
    26 | D        | Noticed a large bag of meat
    26 | D        | Reached **** piety under Makhleb
    27 | D        | Noticed a destroyer
    27 | D        | Killed a large bag of meat
    27 | D        | Reached skill level 27 in Armour
    27 | D        | Reached skill level 10 in Unarmed Combat
    27 | D        | Reached XP level 18. HP: 200/200 MP: 16/26
    28 | D        | Noticed a meat berserker
    28 | D        | Killed a meat berserker
    28 | D        | Reached ***** piety under Makhleb
    28 | D        | Reached skill level 10 in Spellcasting
    29 | D        | Reached skill level 15 in Invocations
    31 | D        | Noticed a sculptor of flesh
    31 | D        | Reached skill level 15 in Stealth
    31 | D        | Reached XP level 19. HP: 207/207 MP: 16/35
    32 | D        | Noticed a destroyer
    32 | D        | Noticed a destroyer
    33 | D        | Killed a meat berserker
    33 | D        | Killed a destroyer
    33 | D        | Reached XP level 20. HP: 216/216 MP: 17/39
    34 | D        | Killed a destroyer
    34 | D        | Killed a destroyer
    34 | D        | Reached skill level 27 in Unarmed Combat
    34 | D        | Reached XP level 21. HP: 224/224 MP: 17/43
    36 | D        | Noticed a destroyer
    36 | D        | Noticed a destroyer
    36 | D        | Reached ****** piety under Makhleb
    39 | D        | Killed a destroyer
    39 | D        | Reached skill level 27 in Stealth
    39 | D        | Reached skill level 27 in Invocations
    41 | D        | Noticed a large bag of meat
    42 | D        | Killed a destroyer
    42 | D        | Reached skill level 27 in Spellcasting
    42 | D        | Reached XP level 22. HP: 84/233 MP: 19/52
    45 | D        | Killed a large bag of meat
    46 | D        | Noticed a destroyer
    46 | D        | Noticed a destroyer
    46 | D        | Noticed a destroyer
    48 | D        | Reached XP level 23. HP: 240/240 MP: 20/53
    49 | D        | Noticed an accursed
    49 | D        | Noticed a large bag of meat
    49 | D        | Noticed a large bag of meat
    51 | D        | Killed a destroyer
    51 | D        | Reached XP level 24. HP: 249/249 MP: 21/53
    53 | D        | Killed a destroyer
    54 | D        | Noticed a large bag of meat
    54 | D        | Noticed an accursed
    54 | D        | Killed a destroyer
    54 | D        | Reached XP level 25. HP: 257/257 MP: 22/53
    56 | D        | Noticed a destroyer
    56 | D        | Reached XP level 26. HP: 266/266 MP: 22/53
    57 | D        | Noticed a tyrant
    57 | D        | Noticed a destroyer
    59 | D        | Killed a large bag of meat
    60 | D        | Killed a large bag of meat
    60 | D        | Reached XP level 27. HP: 273/273 MP: 23/53
    60 | D        | Killed a destroyer
    61 | D        | Noticed a tyrant
    61 | D        | Noticed a meat beast
    62 | D        | Killed a destroyer
    62 | D        | Killed a meat beast
    63 | D        | Killed a large bag of meat
    64 | D        | Noticed a meat beast
    66 | D        | Noticed a destroyer
    68 | D        | Noticed a dread
    68 | D        | Noticed a tyrant
    68 | D        | Noticed a large bag of meat
    69 | D        | Noticed a destroyer
    70 | D        | Killed a meat beast
    71 | D        | Killed a destroyer
    72 | D        | Noticed a tyrant
    72 | D        | Noticed a large bag of meat
    73 | D        | Noticed a meat beast
    73 | D        | Noticed a meat beast
    74 | D        | Noticed a destroyer
    74 | D        | Noticed a tyrant
    74 | D        | Killed a destroyer
    76 | D        | Noticed a destroyer
    76 | D        | Killed a tyrant
    76 | D        | Killed a tyrant
    76 | D        | Killed a meat beast
    78 | D        | Noticed a meat beast
    78 | D        | Killed a large bag of meat
    78 | D        | Killed a meat beast
    78 | D        | Killed a tyrant
    79 | D        | Noticed a destroyer
    79 | D        | Noticed The Captor
    80 | D        | Killed a destroyer
    80 | D        | Killed a large bag of meat
    80 | D        | Killed a dread
    81 | D        | Killed a destroyer
    81 | D        | Killed a destroyer
    81 | D        | Killed a meat beast
    83 | D        | Noticed a meat beast
    84 | D        | Killed a tyrant
    84 | D        | Killed an accursed
    86 | D        | Killed a tyrant
    86 | D        | Killed The Captor
    87 | D        | Killed a meat beast
    90 | D        | Noticed a dread
    90 | D        | Killed an accursed
    92 | D        | Noticed a destroyer
    93 | D        | Noticed a destroyer
    93 | D        | Mangled by a sculptor of flesh

Skill      XL: |  1  2  3  4  5  6  7  8  9 10 11 12 13 14 15 16 17 18 19 20 21 |
---------------+----------------------------------------------------------------+-----
Fighting       | 12 14 15 18 20 26 27 | 27.0
Axes           | 20 23 25 27 | 27.0
Throwing       | 10 11 12 14 15 20 27 | 27.0
Dodging        | 18 21 22 26 27 | 27.0
Armour         | 1 2 4 5 10 16 27 | 27.0
Stealth        | 8 16 20 24 27 | 27.0
Unarmed Combat | 10 19 23 27 | 27.0
Spellcasting   | 6 13 16 19 27 | 27.0
Invocations    | 9 17 22 26 27 | 27.0

Action                   |  1- 3 |  4- 6 |  7- 9 | 10-12 | 13-15 | 16-18 | 19-21 | 22-24 | 25-27 || total
-------------------------+-------+-------+-------+-------+-------+-------+-------+-------+-------++-------
Melee: Executioner's axe |     1 |       |       |     1 |     4 |     8 |     7 |     9 |    33 ||    63
Armor: Leather armour    |       |       |       |       |       |       |       |       |     1 ||     1
Dodge: Dodged            |       |       |       |       |     1 |     1 |     2 |       |     6 ||    10
